cohdb
Replays
Latest Replays
All Replays
Popular Replays
Top Player Replays
Match Explorer
How It Works
Community
CoH3 Stats
Reddit
Sign in to upload your games and track your stats! →
Sign in with Steam
Match 46672149
Unlisted
Match 46672149
Overview
Messages
Build Orders
End
Vickers Machine Gun Team
Construct Section Command Post
Dingo Light Scout Car
Infantry Section
Infantry Section
Selects Air and Sea Battlegroup
Selects Supply Surplus
Construct Field Infirmary
Construct Platoon Command Post
Construct Field Infirmary
Unlock Bishop Self-propelled Artillery
Forward Retreat Point
Bishop Self-propelled Artillery
Grenade Package
Bishop Self-propelled Artillery
Selects Commando Section Paradrop
Selects UNKNOWN (223837)
Bishop Self-propelled Artillery
Light Vehicle Training
Construct Resource Cache
Construct Company Command Post
Crusader II Medium Tank
Selects Assault Flares
Assault Flares
hinanawi
怎么绘世的猪莎公主
Willham
甜菜
FREAK THE DUDE
Tatari◑。
Pops
不可抱萌物
0
0
Comments
sign in to comment!
No comments posted yet!